 Dungeon Crawl Stone Soup version 0.32-a0-871-ge202e49faa (webtiles) character file.

Game seed: 10076739675562837472

3185 KennySheep the Skirmisher (level 9, -2/36 HPs)
             Began as a Spriggan Brigand on Mar 30, 2024.
             Was a Follower of Hepliaklqana.
             Shot with a sling bullet by Joseph (9 damage)
             ... on level 8 of the Dungeon.
             The game lasted 00:14:23 (5378 turns).

KennySheep the Skirmisher (Spriggan Brigand)        Turns: 5378, Time: 00:14:24

Health: -2/36      AC:  4    Str:  6    XL:     9   Next: 64%
Magic:  14/14      EV: 18    Int:  7    God:    Hepliaklqana [*.....]
Gold:   447        SH:  5    Dex: 30    Spells: 8/8 levels left

rFire   . . .        a - +4 arbalest of True Grit {drain, rPois rN++ rCorr Int-5}
rCold   . . .        (shield currently unavailable)
rNeg    + + .        f - +0 robe
rPois   +            (helmet restricted)
rElec   +            c - +1 cloak
rCorr   +            (gloves unavailable)
SInv    +            (boots unavailable)
Will    +....        y - amulet of reflection
Stlth   ++++         n - ring of resist corrosion
HPRegen 0.26/turn    u - +6 ring of dexterity
MPRegen 0.14/turn

%: reflection
@: very quick
A: reduced essence, very small, no large weapons, unfitting armour, see
invisible, speed 3, agile 1, deterioration 1, electricity resistance
a: Renounce Religion, Recall Ancestor, Ancestor Identity


You were on level 8 of the Dungeon.
You worshipped Hepliaklqana.
Hepliaklqana was aware of your devotion.
You visited 2 branches of the dungeon, and saw 8 of its levels.

You collected 1072 gold pieces.
You spent 625 gold pieces at shops.

Inventory:

Hand Weapons
 a - the +4 arbalest of True Grit (weapon) {drain, rPois rN++ rCorr Int-5}
   (You bought it in a shop on level 3 of the Dungeon)

   Int-5:     It affects your intelligence (-5).
   rPois:     It protects you from poison.
   rN++:      It greatly protects you from negative energy.
   rCorr:     It protects you from acid and corrosion.
 b - a +2 dagger
Missiles
 d - 28 poisoned darts
 e - 3 curare-tipped darts
Armour
 c - a +1 cloak (worn)
 f - a +0 robe (worn)
Magical Staves
 C - a staff of conjuration
Jewellery
 n - a ring of resist corrosion (left hand)
 s - a ring of wizardry
 u - a +6 ring of dexterity (right hand)
 y - an amulet of reflection (around neck)
Wands
 m - a wand of mindburst (8)
 r - a wand of roots (9)
 v - a wand of digging (5)
 G - a wand of polymorph (8)
Scrolls
 g - a scroll of fog
 h - 7 scrolls of identify
 j - 2 scrolls of enchant armour
 k - a scroll of revelation
 o - a scroll of noise {unknown}
 p - 2 scrolls of teleportation
 x - a scroll of torment {unknown}
 z - a scroll of summoning {unknown}
 F - a scroll of poison {unknown}
Potions
 i - a potion of degeneration
 l - 2 potions of might
 q - a potion of mutation
 t - a potion of attraction {unknown}
 w - a potion of resistance
 A - a potion of enlightenment {unknown}
 B - a potion of lignification {unknown}
 D - 2 potions of curing
 E - a potion of heal wounds {unknown}


   Skills:
 - Level 1.5 Fighting
 - Level 3.4 Short Blades
 * Level 11.5 Ranged Weapons
 - Level 2.0 Throwing
 - Level 2.6 Dodging
 - Level 7.0 Stealth
 + Level 5.6 Invocations


You had 8 spell levels left.
You didn't know any spells.
Your spell library contained the following spells:

 Spells                   Type           Power      Damage    Failure   Level
 Blink                    Tloc           0%         N/A       56%         2
 Lesser Beckoning         Tloc           0%         N/A       56%         2
 Momentum Strike          Conj/Tloc      0%         3d8       56%         2
 Sublimation of Blood     Necr           0%         N/A       56%         2
 Petrify                  Alch/Erth      0%         N/A       99%         4
 Irradiate                Conj/Alch      0%         3d11      100%        5


Dungeon Overview and Level Annotations

Branches:
Dungeon (8/15)             Temple (1/1) D:7
   Lair: D:8-11

Altars:
Ashenzari
Cheibriados
Dithmenos
Elyvilon
Fedhas
Gozag
Hepliaklqana
Kikubaaqudgha
Makhleb
Nemelex Xobeh
Okawaru
Qazlal
Ru
Trog
Uskayaw
Vehumet
Wu Jian
Xom
Yredelemnul
Zin
The Shining One

Shops:
D:3 ([!(

Annotations:
D:3 1 runed translucent door, Crazy Yiuf
D:8 Joseph


Innate Abilities, Weirdness & Mutations

Your life essence is reduced to manifest your ancestor. (-10% HP)
You are very small and have problems with some larger weapons.
You are too small for most types of armour.
You have supernaturally acute eyesight. (SInv)
You cover ground extremely quickly. (Speed+++)
You are agile. (Dex +4, Str/Int -1)
Your body sometimes deteriorates upon taking damage.
You are resistant to electric shocks. (rElec)


Message History

You kill the brown ugly thing!
Joseph unwields a +0 quarterstaff.
Joseph wields a +1 sling of flaming.
It bursts into flame!
Joseph shoots a sling bullet.
The sling bullet hits you! The sling bullet burns you.
You shoot a bolt. The bolt barely misses Joseph.
Joseph shoots a sling bullet.
You block the sling bullet with an invisible shield... and reflect it back!
The sling bullet hits Joseph!
The sling bullet burns Joseph.
Okay, then.
Things that are here:
a +0 mace of venom; an orc corpse
Things that are here:
a +0 dagger; a kobold corpse
There is a stone staircase leading up here.
You climb upwards.
There is a stone staircase leading down here.
You start resting.
Hank Spankler emerges from the mists of memory!
You start resting.
HP restored.
You start waiting.
Done waiting.
You climb downwards.
Level annotation: Joseph
There is a stone staircase leading up here.
No target in view!
You shoot a bolt.
Joseph shouts!
The bolt hits Joseph!!
Joseph is moderately wounded.
Joseph shoots a sling bullet.
The sling bullet hits you! The sling bullet burns you.
You shoot a bolt. The bolt hits Joseph!
Joseph is heavily wounded.
Joseph shoots a sling bullet.
The sling bullet misses you.
Joseph shoots a sling bullet.
The sling bullet hits you!!
Ouch! That really hurt!
* * * LOW HITPOINT WARNING * * *
The sling bullet burns you!
You die...
Hepliaklqana delivers you to your ancestors.

#.....[......)..###.##....#
##........(.)....##.......#
##........[........##.....
###.....[........####....
#.....[)).(.....# ##...
#...............##.# ...
##.................. ...
##)..<....>)..#...
##.....@.......####
####...........#.##
#...[......R...#..#
###.................#
#####.)...................
..#.....)..................
...........#.....@......#..
..........##..........#.# .
...........>......#######


You could see the friendly Hank Spankler the ancestor and Joseph (ally target).

Vanquished Creatures
  A two-headed ogre (D:8)
  An ugly thing (D:8)
  Jeremiah (D:8)
  2 steam dragons
  An ice beast (D:7)
  An orc warrior (D:8)
  An ogre (D:7)
  4 centaurs
  A phantom (D:4)
  A bullfrog (D:8)
  A kobold brigand (D:8)
  2 scorpions (D:6)
  2 wights
  A howler monkey (D:7)
  2 lava snakes (D:8)
  A jelly (D:7)
  2 hounds (D:6)
  A gnoll bouda (D:6)
  3 iguanas (D:6)
  4 orc wizards
  6 adders
  9 gnolls
  A shadow imp (D:7)
  A white imp (D:7)
  3 dart slugs
  2 ribbon worms (D:2)
  10 orcs
  3 endoplasms
  3 giant cockroaches
  3 goblins (D:2)
  4 hobgoblins
  2 quokkas
  7 ball pythons
  3 bats
  A frilled lizard (D:1)
  12 kobolds
  2 rats
105 creatures vanquished.

Vanquished Creatures (collateral kills)
  A gnoll bouda (D:8)
  An orc (D:8)
2 creatures vanquished.

Vanquished Creatures (others)
  An ancestor (D:8)
1 creature vanquished.

Grand Total: 108 creatures vanquished

Notes
Turn   | Place    | Note
-------+----------+-------------------------------------------
     0 | D:1      | KennySheep the Spriggan Brigand began the quest for the
                  | Orb.
     0 | D:1      | Reached XP level 1. HP: 10/10 MP: 2/2
   329 | D:1      | Reached XP level 2. HP: 13/14 MP: 3/3
   705 | D:2      | Reached XP level 3. HP: 18/18 MP: 4/4
   758 | D:2      | Found a faded altar of an unknown god.
  1427 | D:3      | Found Ikionkal's Weapon Shoppe.
  1506 | D:3      | Found Daon's Antique Armour Boutique.
  1525 | D:3      | Found a shadowy altar of Dithmenos.
  1571 | D:3      | Found a runed translucent door.
  1572 | D:3      | Noticed Crazy Yiuf
  1644 | D:3      | Reached XP level 4. HP: 15/22 MP: 5/5
  1803 | D:3      | Found Emnyhum's Distillery.
  1808 | D:3      | Bought a potion of curing for 42 gold pieces
  1937 | D:3      | Found Diad's Weapon Emporium.
  2434 | D:4      | Noticed a phantom
  2457 | D:4      | Killed a phantom
  2458 | D:4      | Reached skill level 2 in Ranged Weapons
  2458 | D:4      | Reached XP level 5. HP: 17/25 MP: 6/6
  2573 | D:4      | Reached skill level 3 in Ranged Weapons
  2950 | D:4      | Identified a scroll of acquirement
  2951 | D:4      | Acquired 710 gold pieces
  3007 | D:3      | Bought the +4 arbalest of True Grit {drain, rPois rN++
                  | rCorr Int-5} for 583 gold pieces
  3181 | D:4      | You fall into a shaft and drop 2 floors!
  3206 | D:6      | Found an ornate altar of the Wu Jian Council.
  3206 | D:6      | Found a shimmering altar of Xom.
  3210 | D:6      | Gained mutation: Your body sometimes deteriorates upon
                  | taking damage. [potion of mutation]
  3210 | D:6      | Gained mutation: You are agile. (Dex +4, Str/Int -1)
                  | [potion of mutation]
  3210 | D:6      | Gained mutation: You are resistant to electric shocks.
                  | (rElec) [potion of mutation]
  3231 | D:6      | Reached skill level 4 in Ranged Weapons
  3255 | D:6      | Reached XP level 6. HP: 30/30 MP: 7/7
  3300 | D:6      | Reached skill level 5 in Ranged Weapons
  3358 | D:6      | Reached skill level 6 in Ranged Weapons
  3426 | D:6      | Reached XP level 7. HP: 33/33 MP: 8/8
  3916 | D:6      | Reached skill level 7 in Ranged Weapons
  3992 | D:7      | Noticed a steam dragon
  3995 | D:7      | Killed a steam dragon
  4166 | D:7      | Reached skill level 8 in Ranged Weapons
  4303 | D:7      | Found a staircase to the Ecumenical Temple.
  4316 | Temple   | Entered the Ecumenical Temple
  4326 | Temple   | Became a worshipper of Hepliaklqana the Forgotten
  4373 | D:7      | Reached XP level 8. HP: 37/37 MP: 9/9
  4440 | D:7      | Reached skill level 1 in Invocations
  4762 | D:7      | Reached * piety under Hepliaklqana
  4766 | D:7      | Reached skill level 9 in Ranged Weapons
  4919 | D:8      | Noticed Jeremiah
  4969 | D:8      | Killed Jeremiah
  4970 | D:8      | Reached skill level 10 in Ranged Weapons
  4985 | D:8      | Noticed a two-headed ogre
  4995 | D:8      | Reached XP level 9. HP: 36/36 MP: 11/13
  5003 | D:8      | Killed a two-headed ogre
  5010 | D:8      | Reached skill level 5 in Invocations
  5012 | D:8      | Reached skill level 11 in Ranged Weapons
  5154 | D:8      | Noticed a brown ugly thing
  5166 | D:8      | Noticed Joseph
  5167 | D:8      | Killed a brown ugly thing
  5378 | D:8      | Shot with a sling bullet by Joseph

Illustrated notes

Levels and vault maps discovered:
D:1:      hellmonk_arrival_library, layout_basic
D:2:      layout_basic, ebering_ecumenical_altar_petrified,
          minmay_misc_feat_pillars, minmay_surrounded
D:3:      layout_basic, mainiacjoe_overflow_concentric_impassable, serial_shops,
          nicolae_shop_waterfront, nicolae_shop_window_shopping,
          nicolae_shop_tiny_real_fake_doors, shop, nicolae_figureground_sparkle,
          uniq_crazy_yiuf_cottage
D:4:      layout_rooms
D:6:      layout_rooms, gammafunk_temple_overflow_elements, serial_aquarium,
          aquarium_bridge_long_separate [aquarium_subvault_bridge,
          aquarium_subvault_wall, aquarium_subvault_bridge,
          aquarium_subvault_bridge, aquarium_subvault_window,
          aquarium_subvault_bridge], aquarium_window_3, aquarium_window_1,
          aquarium_window_fake, aquarium_window_2, aquarium_view_2d,
          aquarium_view_2f, aquarium_balcony_double_1, aquarium_pool_side
D:7:      layout_gridville, minmay_temple_entry_enclosed_plants,
          kennysheep_generic_room_4
D:8:      kennysheep_big_flooded_room, layout_cave_pools, uniq_joseph,
          uniq_jeremiah, uniq_pikel
Temple:   mainiacjoe_temple_bowtie_tessellation

Skill      XL: |  1  2  3  4  5  6  7  8  9 |
---------------+----------------------------+-----
Stealth        | 6 7 |  7.0
Dodging        | 2 |  2.6
Short Blades   | 3 |  3.4
Ranged Weapons | 2 4 6 8 10 11 | 11.5
Invocations    | 4 5 |  5.6
Fighting       | |  1.5
Throwing       | |  2.0

Action                     |  1- 3 |  4- 6 |  7- 9 || total
---------------------------+-------+-------+-------++-------
  Melee: Dagger            |   150 |    80 |       ||   230
   Fire: Arbalest          |       |    19 |   133 ||   152
 Invoke: Ancestor Identity |       |       |     1 ||     1
  Evoke: Wand              |       |     6 |       ||     6
    Use: Scroll            |       |     6 |       ||     6
         Potion            |       |     6 |       ||     6
   Stab: Sleeping          |    12 |     4 |       ||    16
 Armour: Robe              |    38 |    36 |    20 ||    94
  Dodge: Dodged            |    80 |    59 |    42 ||   181
  Block: Other             |       |     2 |     8 ||    10
         Reflection        |       |       |     4 ||     4

Table legend: (Time is in decaauts)
 A = Elapsed time spent in this place.
 B = Non-inter-level travel time spent in this place.
 C = Inter-level travel time spent in this place.
 D = Time resting spent in this place.
 E = Time spent auto-exploring this place.
 F = Levels seen in this place.
 G = Mean time per level.
                   A        B        C        D        E       F      G
               +--------+--------+--------+--------+--------+-----+--------+
         Total |   3814 |   3626 |    188 |    337 |   2460 |   8 |  476.8 |
       Dungeon |   3801 |   3613 |    188 |    337 |   2460 |   7 |  543.0 |
        Temple |     13 |     13 |      0 |      0 |      0 |   1 |   13.0 |
               +--------+--------+--------+--------+--------+-----+--------+

Top non-repeatable levels by time:
     D:3: 775 daAuts
     D:7: 745 daAuts
     D:6: 611 daAuts
     D:2: 603 daAuts
     D:4: 414 daAuts
     D:1: 368 daAuts
     D:8: 282 daAuts
  Temple: 13 daAuts
